 Dungeon Crawl Stone Soup version 0.20-a0-509-ga2a529b (webtiles) character file.

29 Kaname the Stinger (level 3, 23/24 HPs)
             Began as a Demonspawn Venom Mage on Jan 22, 2017.
             Quit the game on level 2 of the Dungeon.
             The game lasted 00:02:03 (1045 turns).

Kaname the Stinger (Demonspawn Venom Mage)          Turns: 1045, Time: 00:02:04

Health: 23/24      AC:  4    Str:  8    XL:     3   Next: 1%
Magic:  6/6        EV: 11    Int: 17    God:
Gold:   65         SH:  3    Dex: 13    Spells: 5/6 levels left

rFire    . . .     SeeInvis .   d - +0 dagger
rCold    . . .     Gourm    .   a - +0 robe
rNeg     . . .     Faith    .   i - +0 buckler
rPois    .         Spirit   .   (no helmet)
rElec    .         Reflect  .   (no cloak)
rCorr    .         Harm     .   (no gloves)
MR       .....                  (no boots)
Stlth    ++........             (no amulet)
Regen    0.1/turn               (no ring)
                                (no ring)

@: no status effects
A: molten scales 1, spiny 1
a: no special abilities


You were on level 2 of the Dungeon.
You were hungry.

You visited 1 branch of the dungeon, and saw 2 of its levels.

You collected 65 gold pieces.

Inventory:

Hand Weapons
 d - a +0 dagger (weapon)
Armour
 a - a +0 robe (worn)
 i - a +0 buckler (worn)
Scrolls
 e - a scroll of remove curse {unknown}
 f - a scroll of recharging {unknown}
 j - a scroll of amnesia {unknown}
Potions
 h - a potion of agility {unknown}
Books
 b - a Young Poisoner's Handbook

   Spells                             Type                      Level
   a - Sting                          Conjuration/Poison           1
   b - Poisonous Vapours              Poison/Air                   2
   c - Mephitic Cloud                 Conjuration/Poison/Air       3
   d - Olgreb's Toxic Radiance        Poison                       4
   e - Venom Bolt                     Conjuration/Poison           5
Comestibles
 c - 2 bread rations
 g - 2 royal jellies


   Skills:
 - Level 1.7 Dodging
 - Level 1.7 Stealth
 - Level 2.0 Spellcasting
 - Level 2.1 Conjurations
 + Level 3.6 Poison Magic


You had 5 spell levels left.
You knew the following spells:

 Your Spells              Type           Power        Failure   Level  Hunger
a - Sting                 Conj/Pois      ##..         12%         1    #......


Dungeon Overview and Level Annotations

Branches:
Dungeon (2/15)

Altars:


Innate Abilities, Weirdness & Mutations

You are partially covered in molten scales. (AC +2)
You are partially covered in sharp spines.


Message History

There is a stone staircase leading up here.
You are feeling hungry.
A hobgoblin comes into view. It is wielding a club.
Found a hardcover book.
Found a scroll labeled BYKKOR HOAC.
The hobgoblin shouts!
The hobgoblin misses you.
Your shield prevents you from hitting the hobgoblin.
The hobgoblin is struck by your spines. The hobgoblin barely misses you.
You closely miss the hobgoblin.
The hobgoblin is moderately wounded.
The hobgoblin hits you with a club.
You hit the hobgoblin.
You kill the hobgoblin!
You have reached level 3!
Your experience leads to an increase in your attributes!
Increase (S)trength, (I)ntelligence, or (D)exterity?
You feel clever.
Your demonic ancestry asserts itself...
Molten scales grow over part of your body.
Are you sure you want to abandon this character and quit the game? (Confirm with "yes".)

############
#....@)...?#
##.#######.#
#.# #<# #.#
#.# #.# #.#
#.# #.# #.#
#.# #.# #.#
##.#####.#


There were no monsters in sight!

Vanquished Creatures
  An ooze (D:1)
  A dart slug (D:1)
  3 leopard geckos (D:1)
  A giant cockroach (D:1)
  3 goblins (D:1)
  2 hobgoblins
  2 kobolds (D:1)
  A bat (D:1)
  2 frilled lizards (D:1)
  4 rats
20 creatures vanquished.

Notes
Turn   | Place    | Note
-------+----------+-------------------------------------------
     0 | D:1      | Kaname the Demonspawn Venom Mage began the quest for the Orb.
     0 | D:1      | Reached XP level 1. HP: 13/13 MP: 3/3
   225 | D:1      | Gained mutation: You are partially covered in sharp spines. [demonic ancestry]
   225 | D:1      | Reached XP level 2. HP: 17/19 MP: 0/5
  1044 | D:2      | Gained mutation: You are partially covered in molten scales. (AC +2) [demonic ancestry]
  1044 | D:2      | Reached XP level 3. HP: 23/24 MP: 6/6
  1045 | D:2      | Quit the game

Vault maps used:
D:1:      scummos_arrival_simple_fountains

Skill      XL: |  1 |
---------------+----+-----
Conjurations   | 2 |  2.1
Dodging        | |  1.7
Stealth        | |  1.7
Spellcasting   | |  2.0
Poison Magic   | |  3.6

Action                   || total
-------------------------++-------
Melee: Dagger            ||    53
 Cast: Sting             ||     7
 Stab: Sleeping          ||     6
Armor: Robe              ||     6
Dodge: Dodged            ||    30
Block: Buckler           ||     1
